 Dungeon Crawl Stone Soup version 0.29.0-4-gdea44cf6ec (webtiles) character file.

Game seed: 7692928888039669803

9267 qw the Severer (level 11, 0/102 HPs)
             Began as a Minotaur Berserker on Sept 10, 2022.
             Was a Priest of Trog.
             Slain by an unseen horror (2 damage)
             ... on level 9 of the Dungeon.
             The game lasted 00:03:15 (11636 turns).

qw the Severer (Minotaur Berserker)                Turns: 11636, Time: 00:03:15

Health: 0/102      AC:  0    Str: 26    XL:     11   Next: 20%
Magic:  10/10      EV: 19    Int:  4    God:    Trog [***...]
Gold:   515        SH:  5    Dex: 15    Spells: 10/10 levels left

rFire   . . .      SeeInvis .   (weapon currently unavailable)
rCold   . . .      Faith    .   (shield currently unavailable)
rNeg    . . .      Spirit   .   (body armour currently unavailable)
rPois   .          Reflect  +   (helmet currently unavailable)
rElec   .          Harm     .   (cloak currently unavailable)
rCorr   .          Rampage  .   (gloves currently unavailable)
Will    .....                   (boots currently unavailable)
Stlth   +.........              f - amulet of reflection
HPRegen 0.27/turn               (ring currently unavailable)
MPRegen 0.12/turn               (ring currently unavailable)

@: bat-form (expiring), flying, invisible, very quick
A: fast, flying, no casting, tiny, (horns 2), (retaliatory headbutt)
a: Renounce Religion, Berserk, Trog's Hand


You were on level 9 of the Dungeon.
You worshipped Trog.
Trog was most pleased with you.
You were a bat.
You visited 1 branch of the dungeon, and saw 10 of its levels.

You collected 515 gold pieces.


Innate Abilities, Weirdness & Mutations

You are a bat.
You are tiny and dextrous.
You move quickly.
You are flying.
Your equipment is almost entirely melded.
You are incapable of wielding weapons or throwing items.
You cannot cast spells.
((You have a pair of horns on your head.))
((You reflexively headbutt those who attack you in melee.))


   Skills:
 - Level 11.0 Fighting
 - Level 16.0 Axes
 - Level 9.3 Armour
 - Level 2.1 Dodging
 + Level 0.0 Shields


You had 10 spell levels left.
You didn't know any spells.
Your spell library was empty.

Inventory:

Hand Weapons
 c - a +0 morningstar
 Y - a +2 war axe (melded)
Armour
 i - a +0 plate armour (melded)
 j - the +1 pair of gloves "Utue" (melded) {rC++ Str-3 Int+2 Dex-3}
   (You found it on level 8 of the Dungeon)

   Str:       It affects your strength (-3).
   Int:       It affects your intelligence (+2).
   Dex:       It affects your dexterity (-3).
   rC:        It greatly protects you from cold.
 n - a +0 pair of gloves
 o - a +1 buckler of protection (melded)
Jewellery
 e - a ring of protection from cold (melded)
 f - an amulet of reflection (around neck)
 h - the ring of Asceticism (melded) {rPois rF+ rC- rN+}
   (You acquired it on level 5 of the Dungeon)

   [ring of poison resistance]

   rF:        It protects you from fire.
   rC:        It makes you vulnerable to cold.
   rPois:     It protects you from poison.
   rN:        It protects you from negative energy.
 l - a ring of ice
 q - a ring of resist corrosion
Scrolls
 b - 2 scrolls of identify
 m - 4 scrolls of teleportation
Potions
 a - a potion of curing
 g - 2 potions of mutation
 k - a potion of resistance

Dungeon Overview and Level Annotations

Branches:
Dungeon (10/15)            Temple (0/1) D:5
   Lair: D:8-11         Orc: D:9-12

Altars:
Elyvilon
Fedhas
Hepliaklqana
Makhleb
Qazlal
Sif Muna
Trog
Yredelemnul

Shops:
D:7 (

Annotations:
D:5 3 runed translucent doors, qw's ghost, novice DsCA; qw's ghost, novice GrBe; qw's ghost, novice MiBe
D:6 1 runed translucent door, qw's ghost, novice MiFi
D:8 2 runed translucent doors
D:10 Psyche


Message History

Something hits you!
You swing at nothing.
Something hits you.
You swing at nothing.
Something closely misses you.
You swing at nothing.
Something hits you.
You swing at nothing.
Something hits you!
You hit something. Something hits you.
You swing at nothing.
Something hits you.
You swing at nothing.
Something closely misses you.
You swing at nothing.
Something hits you.
You hit something. Something closely misses you.
You swing at nothing.
Something hits you!
You swing at nothing.
Something hits you!
You swing at nothing.
You hit something. Something hits you.
You swing at nothing.
Something hits you!
You swing at nothing.
Something hits you.
You hit something. You block something's attack.
You hit something. Something hits you!
You swing at nothing.
Your transformation is almost over.
Something closely misses you.
You closely miss something. Something barely misses you. Something hits you.
You die...

77.7#...###...######
7777................#
........#.###..######
7777....#.###..###
77.7#..#........#
77.77#..#........#
7.77 #..)........# .77
#..#......{.# 7.77
#..[.).....b# 77.7
#...))......#
77.77#..##.......#
.....#..##.......#####
%7777#..##...........#
...7 #..##...........#
.7777#...'...........#
.....#..##...........#
######..##...........#


There were no monsters in sight!

Vanquished Creatures
  A very ugly thing (D:9)
  2 two-headed ogres
  Pikel (D:7)
  A cyclops (D:9)
  Maggie (D:8)
  A kobold demonologist (D:9)
  2 trolls (D:9)
  A hornet (D:8)
  A slime creature (D:9)
  A shadow (D:9)
  2 wyverns (D:9)
  2 yaks (D:9)
  2 steam dragons (D:9)
  3 water moccasins
  Duvessa (D:6)
  An ice beast (D:8)
  An orc warrior (D:9)
  3 sky beasts
  3 ogres
  5 centaurs
  A lemure (D:7)
  3 phantoms
  5 kobold brigands
  3 gnoll sergeants (D:9)
  3 scorpions
  2 bullfrogs (D:9)
  6 wights
  Dowan (D:6)
  7 killer bees (D:9)
  7 howler monkeys
  3 hounds
  2 jellies (D:5)
  A gnoll bouda (D:7)
  6 orc priests
  4 iguanas
  5 orc wizards
  13 gnolls
  4 adders
  2 white imps
  3 worms (D:2)
  4 dart slugs
  7 orcs
  3 endoplasms (D:1)
  4 giant cockroaches
  3 hobgoblins
  2 jackals (D:5)
  22 kobolds
  6 ball pythons
  2 bats
  A goblin (D:2)
  5 rats
175 creatures vanquished.

Vanquished Creatures (others)
  12 plants
  2 withered plants (D:6)
14 creatures vanquished.

Grand Total: 189 creatures vanquished

Notes
Turn   | Place    | Note
-------+----------+-------------------------------------------
     0 | D:1      | qw the Minotaur Berserker began the quest for the Orb.
     0 | D:1      | Reached XP level 1. HP: 19/19 MP: 0/0
     0 | D:1      | 0 ||| qw: Version: 0.1-a-116-g5d60599
     0 | D:1      | 0 ||| qw: Game counter: 7521
     0 | D:1      | 0 ||| qw: Always use a shield: true
     0 | D:1      | 0 ||| qw: Do Orc after D:15 true
     0 | D:1      | 0 ||| qw: Do second Lair branch before Depths: true
     0 | D:1      | 0 ||| qw: Lair rune preference: random
     0 | D:1      | 0 ||| qw: Plans: Normal
     0 | D:1      | 0 ||| PLANNING D:1-11
   183 | D:1      | Reached skill level 4 in Axes
   341 | D:1      | 341 ||| Stepping ~*~*~tactically~*~*~ (hiding).
   346 | D:1      | Reached XP level 2. HP: 26/26 MP: 1/1
   346 | D:1      | 346 ||| Stepping ~*~*~tactically~*~*~ (hiding).
   702 | D:1      | 702 ||| UPGRADING to +0 leather armour.
   712 | D:1      | 712 ||| DROPPING +0 animal skin.
   713 | D:1      | 713 ||| UPGRADING to +0 scale mail.
   723 | D:1      | 723 ||| DROPPING +0 leather armour.
   724 | D:1      | 724 ||| READING scroll labelled NINGOE WOEDAPH.
   777 | D:2      | 777 ||| INVOKING Berserk.
   780 | D:2      | Reached skill level 5 in Axes
   782 | D:2      | Reached XP level 3. HP: 31/31 MP: 2/2
   795 | D:2      | 795 ||| FLEEEEING.
   796 | D:2      | 796 ||| FLEEEEING.
   798 | D:2      | 798 ||| FLEEEEING.
   800 | D:2      | 800 ||| FLEEEEING.
   801 | D:2      | 801 ||| STAIRDANCE
   903 | D:1      | 903 ||| DROPPING +0 mace.
   904 | D:1      | 904 ||| DRINKING 2 red potions.
   911 | D:2      | 911 ||| STAIRDANCE
  1032 | D:2      | 1032 ||| INVOKING Berserk.
  1039 | D:2      | Noticed a scorpion
  1040 | D:2      | 1040 ||| Stepping ~*~*~tactically~*~*~ (stealth).
  1045 | D:2      | 1045 ||| Stepping ~*~*~tactically~*~*~ (stealth).
  1114 | D:2      | Killed a scorpion
  1115 | D:2      | Reached skill level 6 in Axes
  1115 | D:2      | Reached XP level 4. HP: 23/39 MP: 3/3
  1530 | D:2      | Identified the +5 ring mail of Claustrophobia {Rampage
                  | Str+7}
  1871 | D:2      | Reached ** piety under Trog
  1928 | D:2      | Reached XP level 5. HP: 45/45 MP: 4/4
  1986 | D:2      | 1986 ||| UPGRADING to +5 ring mail of Claustrophobia
                  | {Rampage Str+7}.
  1996 | D:2      | 1996 ||| DROPPING +0 scale mail.
  1997 | D:2      | 1997 ||| UPGRADING to ring of protection from cold.
  1998 | D:2      | 1998 ||| READING 2 scrolls labelled IGREZX USMOGOGG.
  1999 | D:2      | 1999 ||| READING scroll labelled IMADYD LYRRU.
  2000 | D:2      | 2000 ||| READING scroll labelled ROAGUCEERU.
  2001 | D:2      | 2001 ||| READING scroll labelled EFEDAKY GAZIYW.
  2006 | D:2      | 2006 ||| READING scroll labelled XOSAUF MESMUPA.
  2007 | D:2      | 2007 ||| DROPPING scroll of poison.
  2030 | D:3      | 2030 ||| STAIRDANCE
  2053 | D:3      | Reached skill level 7 in Axes
  2078 | D:3      | 2078 ||| Stepping ~*~*~tactically~*~*~ (hiding).
  2080 | D:3      | 2080 ||| Stepping ~*~*~tactically~*~*~ (hiding).
  2082 | D:3      | 2082 ||| INVOKING Berserk.
  2222 | D:3      | 2222 ||| SWAPPING to +0 war axe.
  2223 | D:3      | 2223 ||| DROPPING +0 hand axe.
  2290 | D:3      | 2290 ||| Stepping ~*~*~tactically~*~*~ (hiding).
  2857 | D:3      | Found a white marble altar of Elyvilon.
  2864 | D:3      | 2864 ||| UPGRADING to +0 pair of gloves.
  2869 | D:3      | 2869 ||| UPGRADING to ring of resist corrosion.
  2870 | D:3      | 2870 ||| READING 3 scrolls labelled EGESSE HAPLUYT.
  2871 | D:3      | 2871 ||| READING scroll labelled PEACEM TUUKI.
  2872 | D:3      | 2872 ||| READING 2 scrolls of identify.
  2872 | D:3      | 2872 ||| IDENTIFYING fuming dark potion
  2873 | D:3      | 2873 ||| DROPPING potion of lignification.
  2968 | D:4      | 2968 ||| FLEEEEING.
  2971 | D:4      | 2971 ||| FLEEEEING.
  2972 | D:4      | 2972 ||| FLEEEEING.
  2977 | D:4      | 2977 ||| FLEEEEING.
  2978 | D:4      | 2978 ||| FLEEEEING.
  2980 | D:4      | 2980 ||| FLEEEEING.
  2981 | D:4      | 2981 ||| FLEEEEING.
  2982 | D:4      | 2982 ||| FLEEEEING.
  2986 | D:4      | 2986 ||| FLEEEEING.
  2989 | D:4      | 2989 ||| FLEEEEING.
  2990 | D:4      | 2990 ||| STAIRDANCE
  3022 | D:3      | 3022 ||| DRINKING 3 bubbling black potions.
  3023 | D:3      | 3023 ||| DROPPING 2 potions of degeneration.
  3052 | D:4      | 3052 ||| Stepping ~*~*~tactically~*~*~ (stealth).
  3156 | D:4      | Identified the +6 dagger of Sisig {flame, rPois Str+4}
  3230 | D:4      | Found a burning altar of Makhleb.
  3230 | D:4      | Noticed a cacodemon
  3550 | D:4      | 3550 ||| UPGRADING to +0 plate armour.
  3560 | D:4      | 3560 ||| DROPPING +5 ring mail of Claustrophobia {Rampage
                  | Str+7}.
  3561 | D:4      | 3561 ||| READING scroll labelled ZEULER PAFY.
  3585 | D:5      | Entered Level 5 of the Dungeon
  3587 | D:5      | 3587 ||| STAIRDANCE
  3587 | D:5      | Noticed an ogre
  3591 | D:4      | Reached skill level 3 in Armour
  3591 | D:4      | Reached XP level 6. HP: 48/52 MP: 5/5
  3616 | D:5      | 3616 ||| STAIRDANCE
  3621 | D:4      | Reached skill level 8 in Axes
  3644 | D:5      | 3644 ||| INVOKING Berserk.
  3647 | D:5      | 3647 ||| STAIRDANCE
  3786 | D:5      | Reached skill level 9 in Axes
  3844 | D:5      | Reached XP level 7. HP: 57/59 MP: 6/6
  3902 | D:5      | 3902 ||| INVOKING Berserk.
  4137 | D:5      | 4137 ||| INVOKING Berserk.
  4253 | D:5      | Found a staircase to the Ecumenical Temple.
  4457 | D:5      | Found a runed translucent gate.
  4458 | D:5      | Found a runed translucent gate.
  4459 | D:5      | Found a runed translucent gate.
  4733 | D:5      | Noticed qw's ghost (novice DsCA)
  4733 | D:5      | Noticed qw's ghost (novice GrBe)
  4733 | D:5      | Noticed qw's ghost (novice MiBe)
  4756 | D:5      | Reached skill level 10 in Axes
  4758 | D:5      | HP: 14/61 [poisoned by a water moccasin]
  4763 | D:5      | HP: 6/61 [poisoned by a water moccasin]
  5060 | D:5      | 5060 ||| Stepping ~*~*~tactically~*~*~ (hiding).
  5068 | D:5      | Reached XP level 8. HP: 66/70 MP: 7/7
  5315 | D:5      | 5315 ||| READING scroll labelled MEKUNU FEGU.
  5315 | D:5      | Identified a scroll of acquirement
  5315 | D:5      | 5315 ||| ACQUIRING ring of Asceticism {rPois rF+ rC- rN+}
  5315 | D:5      | Acquired the ring of Asceticism {rPois rF+ rC- rN+}
  5317 | D:5      | 5317 ||| UPGRADING to ring of Asceticism {rPois rF+ rC-
                  | rN+}.
  5319 | D:5      | 5319 ||| UPGRADING to ring of protection from cold.
  5321 | D:5      | 5321 ||| DRINKING 2 yellow potions.
  5355 | D:6      | Reached skill level 6 in Fighting
  5444 | D:6      | 5444 ||| INVOKING Berserk.
  5554 | D:6      | Found a runed translucent door.
  5555 | D:6      | Noticed qw's ghost (novice MiFi)
  5707 | D:6      | Reached skill level 11 in Axes
  6019 | D:6      | Noticed Dowan
  6020 | D:6      | 6020 ||| INVOKING Berserk.
  6031 | D:6      | Killed Dowan
  6135 | D:6      | Found a shimmering blue altar of Sif Muna.
  6144 | D:6      | Noticed Duvessa
  6145 | D:6      | 6145 ||| Stepping ~*~*~tactically~*~*~ (stealth).
  6148 | D:6      | Found a bloodstained altar of Trog.
  6149 | D:6      | 6149 ||| INVOKING Berserk.
  6163 | D:6      | Killed Duvessa
  6329 | D:6      | 6329 ||| DROPPING +0 flail.
  6485 | D:6      | 6485 ||| Stepping ~*~*~tactically~*~*~ (stealth).
  6693 | D:6      | 6693 ||| DROPPING orb of guile.
  6694 | D:6      | 6694 ||| DROPPING amulet of faith.
  6695 | D:6      | 6695 ||| READING scroll labelled WOFFUGO MINNO.
  6696 | D:6      | 6696 ||| READING 2 scrolls of identify.
  6696 | D:6      | 6696 ||| IDENTIFYING fuming cyan potion
  6697 | D:6      | 6697 ||| DROPPING potion of brilliance.
  6797 | D:7      | Reached skill level 12 in Axes
  6861 | D:7      | Found Noucaemp's Weapon Shop.
  6877 | D:7      | 6877 ||| DRINKING potion of curing.
  6877 | D:7      | 6877 ||| (to cure confusion)
  6887 | D:7      | 6887 ||| INVOKING Berserk.
  6950 | D:7      | 6950 ||| Stepping ~*~*~tactically~*~*~ (stealth).
  6952 | D:7      | Noticed Pikel
  6953 | D:7      | 6953 ||| Stepping ~*~*~tactically~*~*~ (hiding).
  6956 | D:7      | 6956 ||| INVOKING Berserk.
  6960 | D:7      | Killed Pikel
  6961 | D:7      | Reached XP level 9. HP: 82/82 MP: 8/8
  7255 | D:7      | Found a basalt altar of Yredelemnul.
  7255 | D:7      | Found a stormy altar of Qazlal.
  7288 | D:7      | 7288 ||| Stepping ~*~*~tactically~*~*~ (hiding).
  7300 | D:7      | 7300 ||| INVOKING Berserk.
  7457 | D:7      | Found a hazy altar of Hepliaklqana.
  7498 | D:7      | 7498 ||| Stepping ~*~*~tactically~*~*~ (stealth).
  7502 | D:7      | 7502 ||| Stepping ~*~*~tactically~*~*~ (stealth).
  7564 | D:7      | Reached skill level 6 in Armour
  7950 | D:7      | 7950 ||| READING 2 scrolls of identify.
  7950 | D:7      | 7950 ||| IDENTIFYING smoky puce potion
  8136 | D:8      | 8136 ||| Stepping ~*~*~tactically~*~*~ (hiding).
  8139 | D:8      | 8139 ||| INVOKING Berserk.
  8216 | D:8      | 8216 ||| Stepping ~*~*~tactically~*~*~ (hiding).
  8226 | D:8      | Reached skill level 13 in Axes
  8388 | D:8      | Noticed a two-headed ogre
  8389 | D:8      | 8389 ||| INVOKING Berserk.
  8389 | D:8      | Noticed Maggie
  8394 | D:8      | Killed a two-headed ogre
  8395 | D:8      | Reached skill level 14 in Axes
  8400 | D:8      | Killed Maggie
  8401 | D:8      | Reached XP level 10. HP: 90/90 MP: 9/9
  8483 | D:8      | 8483 ||| Stepping ~*~*~tactically~*~*~ (stealth).
  8491 | D:8      | Reached *** piety under Trog
  8666 | D:8      | Found a runed translucent door.
  8800 | D:8      | 8800 ||| DROPPING +0 vorpal flail.
  8805 | D:8      | Found a runed translucent door.
  8854 | D:8      | Identified the +1 pair of gloves "Utue" {rC++ Str-3 Int+2
                  | Dex-3}
  8922 | D:8      | 8922 ||| UPGRADING to +1 pair of gloves "Utue" {rC++ Str-3
                  | Int+2 Dex-3}.
  8932 | D:8      | 8932 ||| UPGRADING to amulet of reflection.
  8937 | D:8      | 8937 ||| READING 2 scrolls of identify.
  8937 | D:8      | 8937 ||| IDENTIFYING pink potion
  9005 | D:9      | 9005 ||| DRINKING 2 potions of curing.
  9005 | D:9      | 9005 ||| (to cure confusion)
  9024 | D:9      | 9024 ||| INVOKING Berserk.
  9260 | D:9      | 9260 ||| Stepping ~*~*~tactically~*~*~ (hiding).
  9262 | D:9      | 9262 ||| Stepping ~*~*~tactically~*~*~ (hiding).
  9265 | D:9      | 9265 ||| INVOKING Berserk.
  9403 | D:9      | Reached skill level 15 in Axes
  9479 | D:9      | Found a blossoming altar of Fedhas.
  9494 | D:9      | 9494 ||| Stepping ~*~*~tactically~*~*~ (stealth).
  9495 | D:9      | 9495 ||| Stepping ~*~*~tactically~*~*~ (stealth).
  9499 | D:9      | Noticed an orange demon
  9504 | D:9      | 9504 ||| INVOKING Berserk.
  9506 | D:9      | Reached skill level 9 in Fighting
  9583 | D:9      | 9583 ||| FLEEEEING.
  9626 | D:9      | 9626 ||| FLEEEEING.
  9725 | D:9      | 9725 ||| Stepping ~*~*~tactically~*~*~ (stealth).
  9735 | D:9      | 9735 ||| INVOKING Berserk.
  9962 | D:9      | 9962 ||| INVOKING Berserk.
 10004 | D:9      | Reached skill level 16 in Axes
 10004 | D:9      | HP: 15/91 [gnoll sergeant/+0 spear (10)]
 10005 | D:9      | 10005 ||| READING 6 scrolls of teleportation.
 10006 | D:9      | 10006 ||| DRINKING 2 potions of heal wounds.
 10011 | D:9      | 10011 ||| Stepping ~*~*~tactically~*~*~ (stealth).
 10014 | D:9      | 10014 ||| Stepping ~*~*~tactically~*~*~ (stealth).
 10251 | D:9      | 10251 ||| INVOKING Berserk.
 10371 | D:9      | 10371 ||| FLEEEEING.
 10372 | D:9      | 10372 ||| FLEEEEING.
 10382 | D:9      | 10382 ||| STAIRDANCE
 10471 | D:8      | 10471 ||| DROPPING orb of light.
 10472 | D:8      | 10472 ||| READING scroll labelled QIGYAGG ENLY.
 10554 | D:9      | 10554 ||| READING scroll of enchant weapon.
 10554 | D:9      | 10554 ||| ENCHANTING +1 war axe.
 10580 | D:9      | 10580 ||| Stepping ~*~*~tactically~*~*~ (stealth).
 10640 | D:9      | 10640 ||| Stepping ~*~*~tactically~*~*~ (stealth).
 10647 | D:9      | 10647 ||| Stepping ~*~*~tactically~*~*~ (stealth).
 10650 | D:9      | 10650 ||| Stepping ~*~*~tactically~*~*~ (stealth).
 10651 | D:9      | 10651 ||| Stepping ~*~*~tactically~*~*~ (stealth).
 10916 | D:9      | 10916 ||| Stepping ~*~*~tactically~*~*~ (stealth).
 10933 | D:9      | 10933 ||| Stepping ~*~*~tactically~*~*~ (hiding).
 10946 | D:9      | 10946 ||| Stepping ~*~*~tactically~*~*~ (stealth).
 11046 | D:9      | Noticed a two-headed ogre
 11047 | D:9      | 11047 ||| Stepping ~*~*~tactically~*~*~ (stealth).
 11047 | D:9      | Noticed a brown very ugly thing
 11048 | D:9      | 11048 ||| Stepping ~*~*~tactically~*~*~ (stealth).
 11056 | D:9      | 11056 ||| INVOKING Berserk.
 11058 | D:9      | HP: 28/139 [two-headed ogre/+0 giant club (19)]
 11059 | D:9      | Killed a brown very ugly thing
 11060 | D:9      | Reached skill level 9 in Armour
 11060 | D:9      | Reached XP level 11. HP: 30/99 MP: 10/10
 11061 | D:9      | Killed a two-headed ogre
 11063 | D:9      | HP: 28/151 [steam dragon/ball of steam (3)]
 11100 | D:9      | 11100 ||| Stepping ~*~*~tactically~*~*~ (stealth).
 11106 | D:9      | 11106 ||| Stepping ~*~*~tactically~*~*~ (stealth).
 11107 | D:9      | HP: 19/102 [gnoll sergeant/+0 trident (7)]
 11108 | D:9      | 11108 ||| READING 5 scrolls of teleportation.
 11109 | D:9      | 11109 ||| DRINKING potion of heal wounds.
 11110 | D:9      | 11110 ||| INVOKING Berserk.
 11582 | D:9      | 11582 ||| UPGRADING to +1 buckler of protection.
 11610 | D:10     | Entered Level 10 of the Dungeon
 11610 | D:10     | Noticed Psyche
 11613 | D:10     | 11613 ||| STAIRDANCE
 11628 | D:9      | HP: 24/102 [something (12)]
 11634 | D:9      | HP: 1/102 [something (11)]
 11636 | D:9      | Slain by an unseen horror

Levels and vault maps discovered:
D:1:      kennysheep_arrival_forest, layout_basic,
          minmay_misc_feat_secret_circle
D:2:      layout_loops_ring, minmay_misc_feat_x
D:3:      layout_loops_ring, nicolae_elyvilon_temple_path
D:4:      layout_loops_cross, makhleb_altar_promises_db
D:5:      layout_loops_ring, minmay_temple_entry_mini_moons,
          gammafunk_ghost_cemetery
D:6:      layout_loops_corners, nzn_overflow_gifts_of_might_and_magic,
          gammafunk_ghost_grave
D:7:      layout_loops_corners, nicolae_hepliaklqana_hazy_memory,
          gammafunk_temple_overflow_pools, serial_shops, shop_statue, uniq_pikel
D:8:      cheibrodos_histonic, layout_loops_ring, serial_park_tiny_pond,
          uniq_maggie
D:9:      nzn_winding_woodlands_medium [nzn_winding_woodlands_5x5_three,
          nzn_winding_woodlands_5x15_sawtooth,
          nzn_winding_woodlands_5x5_closed_star,
          nzn_winding_woodlands_5x5_cross, nzn_winding_woodlands_center_lodge,
          nzn_winding_woodlands_5x5_checkerboard,
          nzn_winding_woodlands_5x5_perimeter,
          nzn_winding_woodlands_5x15_pathside_ponds,
          nzn_winding_woodlands_5x5_open_star], layout_basic,
          mainiacjoe_overflow_tiny_flanked
D:10:     layout_cave_pools, david_lair_shrubbed, lemuel_old_faithful,
          uniq_psyche

Skill      XL: |  1  2  3  4  5  6  7  8  9 10 11 |
---------------+----------------------------------+-----
Axes           | 4 5 6 7 9 10 12 14 16 | 16.0
Fighting       | 4 5 8 10 11 | 11.0
Armour         | 3 4 5 6 9 |  9.3
Dodging        | |  2.1

Action                   |  1- 3 |  4- 6 |  7- 9 | 10-12 || total
-------------------------+-------+-------+-------+-------++-------
Melee: Hand axe          |    48 |    34 |       |       ||    82
       Headbutt          |     7 |    12 |    31 |    28 ||    78
       Punch             |       |     1 |     2 |     1 ||     4
       War axe           |       |    58 |   202 |   181 ||   441
       Unarmed           |       |       |       |     6 ||     6
Invok: Berserk           |     2 |     2 |    10 |     8 ||    22
  Use: Scroll            |     1 |     9 |     4 |     5 ||    19
       Potion            |     1 |     1 |     2 |     3 ||     7
Armor: Animal skin       |     1 |       |       |       ||     1
       Scale mail        |     7 |       |       |       ||     7
       Ring mail         |       |    15 |       |       ||    15
       Plate armour      |       |    23 |    88 |   101 ||   212
Dodge: Dodged            |    20 |    27 |    59 |    67 ||   173
Block: Other             |       |       |       |    41 ||    41
       Reflection        |       |       |       |     4 ||     4

Table legend:
 A = Non-vault XP
 B = Vault XP
 C = Vault XP percentage of total XP
 D = Non-vault monster count
 E = Vault monster count
 F = Vault count percentage of total count
                 A         B        C        D         E       F
            +---------+---------+-------+---------+---------+-------
      Total |    6653 |    6586 |  49.7 |     145 |      29 |  16.7
            +---------+---------+-------+---------+---------+-------
        D:1 |      21 |       0 |   0.0 |      12 |       0 |   0.0
        D:2 |     175 |       0 |   0.0 |      18 |       0 |   0.0
        D:3 |     158 |       0 |   0.0 |      16 |       0 |   0.0
        D:4 |     106 |       0 |   0.0 |      10 |       0 |   0.0
        D:5 |    1044 |       0 |   0.0 |      16 |       0 |   0.0
        D:6 |     603 |     214 |  26.2 |      11 |       2 |  15.4
        D:7 |     649 |     641 |  49.7 |      19 |       1 |   5.0
        D:8 |    1858 |     379 |  16.9 |      18 |       1 |   5.3
        D:9 |    2039 |    5352 |  72.4 |      25 |      25 |  50.0
            +---------+---------+-------+---------+---------+-------
